 Dungeon Crawl Stone Soup version 0.26-a0-850-g97a50ab700 (webtiles) character file.

Game seed: 2084124144461936677

2 sahdkjhfkaj the Vexing (level 1, -1/8 HPs)
             Began as a Felid Enchanter on Nov 20, 2020.
             Slain by a goblin (4 damage)
             ... on level 1 of the Dungeon.
             The game lasted 00:00:53 (81 turns).

sahdkjhfkaj the Vexing (Felid Enchanter)              Turns: 81, Time: 00:00:53

Health: -1/8       AC:  1    Str:  4    XL:     1   Next: 25%
Magic:  4/4        EV: 18    Int: 16    God:
Gold:   9          SH:  0    Dex: 16    Spells: 3/4 levels left
                                        Lives:  0   Deaths: 0

rFire    . . .     SeeInvis +     - Unarmed
rCold    . . .     Faith    .   (shield unavailable)
rNeg     . . .     Spirit   .   (armour unavailable)
rPois    .         Reflect  .   (helmet unavailable)
rElec    .         Harm     .   (cloak unavailable)
rCorr    .         Rampage  .   (gloves unavailable)
MR       .....                  (boots unavailable)
Stlth    +++.......             (no amulet)
HPRegen  0.02/turn              (no ring)
MPRegen  0.09/turn              (no ring)

@: quick
A: very small, no armour, no weapons or thrown items, stealth, claws 1, fangs 3,
see invisible, speed 1, shaggy fur 1, sharp paws
a: no special abilities


You were on level 1 of the Dungeon.
You visited 1 branch of the dungeon, and saw 1 of its levels.

You collected 9 gold pieces.

Inventory:

Potions
 a - a potion of brilliance {!q, unknown}


   Skills:
 + Level 0.6 Fighting
 - Level 2.6 Dodging
 - Level 4.0 Stealth
 - Level 1.0 Unarmed Combat
 - Level 2.0 Spellcasting
 - Level 4.4 Hexes


You had 3 spell levels left.
You knew the following spells:

 Your Spells              Type           Power        Failure   Level
a - Corona                Hex            ###....      3%          1

Your spell library contained the following spells:

 Spells                   Type           Power        Failure   Level
 Confusing Touch          Hex            ###.....     11%         3
 Tukima's Dance           Hex            ###.....     11%         3
 Ensorcelled Hibernation  Hex/Ice        #.....       13%         2
 Dazzling Flash           Conj/Hex       #.....       26%         3


Dungeon Overview and Level Annotations

Branches:
Dungeon (1/15)

Altars:


Innate Abilities, Weirdness & Mutations

You cannot wear armour.
You are incapable of wielding weapons or throwing items.
Your paws allow you to move quietly. (Stealth)
You have sharp claws.
You have razor-sharp teeth.
You have supernaturally acute eyesight. (SInv)
You cover ground quickly.
You are covered in fur. (AC +1)
Your sharp claws are effective at attacking unaware monsters.


Message History

You scratch the goblin but do no damage.
The goblin barely misses you.
You closely miss the goblin. The goblin barely misses you.
You closely miss the goblin. The goblin hits you.
Casting: Corona (safe; 3% risk of failure)
Confirm with . or Enter, or press ? or * to list all spells.
Aiming: Corona (safe; 3% risk of failure)
Press: ? - help, Shift-Dir - straight line, f - goblin
Aim: a goblin (chance to defeat MR: 69%)
The goblin is outlined in light.
The goblin hits you.
Ouch! That really hurt!
* * * LOW HITPOINT WARNING * * *
Unknown command.
Unknown command.
The goblin misses you. The goblin misses you.
The goblin stops glowing.
The goblin hits you.
Ouch! That really hurt!
You die...

##................#
#...###..........+
#...#
#..........####
#####
##+#.#........#
######.#.#.)......#
.........'.$......#
...###...#........#
+..............+
###.#.#...@....#
#.#.#...g....#
#.#.#........#
#.#.###+##.###
#.#.# .# ... .# ..
.. #. .#


You could see a goblin.

Vanquished Creatures
  A bat (D:1)
  A rat (D:1)
2 creatures vanquished.

Notes
Turn   | Place    | Note
-------+----------+-------------------------------------------
     0 | D:1      | sahdkjhfkaj the Felid Enchanter began the quest for the
                  | Orb.
     0 | D:1      | Reached XP level 1. HP: 7/7 MP: 4/4
    81 | D:1      | Slain by a goblin

Illustrated notes

Levels and vault maps discovered:
D:1:      dpeg_arrival_round_b, layout_basic

Action                   || total
-------------------------++-------
Melee: Unarmed           ||     6
 Cast: Corona            ||     1
 Stab: Sleeping          ||     2
Dodge: Dodged            ||     5

Table legend: (Time is in decaauts)
 A = Elapsed time spent in this place.
 B = Non-inter-level travel time spent in this place.
 C = Inter-level travel time spent in this place.
 D = Time resting spent in this place.
 E = Time spent auto-exploring this place.
 F = Levels seen in this place.
 G = Mean time per level.
                   A        B        C        D        E       F      G
               +--------+--------+--------+--------+--------+-----+--------+
         Total |     66 |     66 |      0 |      0 |     12 |   1 |   66.0 |
       Dungeon |     66 |     66 |      0 |      0 |     12 |   1 |   66.0 |
               +--------+--------+--------+--------+--------+-----+--------+

Top non-repeatable levels by time:
     D:1: 66 daAuts
